 Seeded DCSS version 0.31-a0-210-gccc998df9b (webtiles) character file.

Game seed: 8113056780134302019 (custom seed)

494 innerfire43 the Trooper (level 6, 0/51 HPs)
             Began as a Demonspawn Monk on June 30, 2023.
             Slain by a black bear (5 damage)
             ... on level 4 of the Dungeon.
             The game lasted 00:05:12 (3590 turns).

innerfire43 the Trooper (Demonspawn Monk)           Turns: 3590, Time: 00:05:12

Health: 0/51       AC:  7    Str: 13    XL:     6   Next: 92%
Magic:  0/6        EV:  9    Int: 12    God:
Gold:   169        SH: 20    Dex: 15    Spells: 5/5 levels left

rFire   + . .        a - +0 short sword
rCold   + . .        k - +0 tower shield
rNeg    + + +        b - +0 robe
rPois   +            h - +0 helmet
rElec   +            t - +0 cloak
rCorr   +            (no gloves)
SInv    .            w - +0 pair of boots
Will    +....        p - brooch of Shielding {Spirit SH+8}
Stlth   +            f - ring "Xiskuguk" {Contam rF- rN+++ Will+ rCorr}
HPRegen 0.28/turn    c - ring of protection from fire
MPRegen 0.10/turn

%: guardian spirit
@: resistant
A: thin metallic scales 1, demonic touch 2
a: no special abilities


You were on level 4 of the Dungeon.
You visited 1 branch of the dungeon, and saw 5 of its levels.

You collected 169 gold pieces.

Inventory:

Hand Weapons
 a - a +0 short sword (weapon)
Armour
 b - a +0 robe (worn)
 d - an orb of light
 h - a +0 helmet (worn)
 k - a +0 tower shield (worn)
 t - a +0 cloak (worn)
 w - a +0 pair of boots (worn)
Jewellery
 c - a ring of protection from fire (right hand)
 e - a ring of see invisible
 f - the ring "Xiskuguk" (left hand) {Contam rF- rN+++ Will+ rCorr}
   (You acquired it on level 1 of the Dungeon)

   [ring of willpower]

   rF:        It makes you vulnerable to fire.
   rN:        It renders you almost immune to negative energy.
   Contam:    It causes magical contamination when unequipped.
   rCorr:     It protects you from acid and corrosion.
   Will:      It increases your willpower.
 m - a ring of ice
 p - the brooch of Shielding (around neck) {Spirit SH+8}
   (You acquired it on level 3 of the Dungeon)

   [amulet of guardian spirit]

   It causes incoming damage to be divided between your reserves of health and
   magic.
   SH:        It affects your SH (+8).
Scrolls
 g - 2 scrolls of vulnerability {unknown}
 i - 3 scrolls of fog {unknown}
 j - 3 scrolls of teleportation {unknown}
 l - a scroll of blinking {unknown}
 o - a scroll of amnesia {unknown}
 r - a scroll of torment {unknown}
 u - a scroll of enchant weapon {unknown}
 y - a scroll of identify {unknown}
Potions
 q - a potion of degeneration {unknown}
 s - a potion of attraction {unknown}
 v - a potion of resistance
 x - a potion of enlightenment {unknown}
 z - a potion of haste {unknown}


   Skills:
 + Level 5.0 Fighting
 + Level 4.5 Short Blades
 + Level 4.5 Dodging
 * Level 1.6 Shields


You had 5 spell levels left.
You didn't know any spells.
Your spell library contained the following spells:

 Spells                   Type           Power      Damage    Failure   Level
 Ensorcelled Hibernation  Hex/Ice        0%         N/A       100%        2
 Spider Form              Tmut/Pois      0%         N/A       100%        3
 Anguish                  Hex/Necr       0%         N/A       100%        4


Dungeon Overview and Level Annotations

Branches:
Dungeon (5/15)
 Temple: D:4-7

Altars:
Kikubaaqudgha

Shops:
D:1 ?


Innate Abilities, Weirdness & Mutations

You are partially covered in thin metallic scales. (AC +2)
Your touch may inflict irresistible damage on your foes.


Message History

You hit the black bear.
The black bear is severely wounded.
The black bear goes berserk!
You barely miss the black bear.
The black bear is severely wounded.
The black bear bites you but does no damage.
You block the black bear's attack. The black bear closely misses you.
You block the black bear's attack. The black bear completely misses you.
The black bear claws you but does no damage.
You barely miss the black bear.
The black bear is severely wounded.
You block the black bear's attack. x3; The black bear bites you.
The black bear claws you.
The black bear claws you but does no damage.
You hit the black bear.
The black bear is almost dead.
You block the black bear's attack. x3; The black bear bites you!
The black bear claws you but does no damage.
The black bear barely misses you.
You closely miss the black bear.
The black bear is almost dead.
You block the black bear's attack. The black bear claws you.
You block the black bear's attack. x2; The black bear claws you. x2
* * * LOW HITPOINT WARNING * * *
You closely miss the black bear.
The black bear is almost dead.
The black bear bites you but does no damage.
The black bear closely misses you. You block the black bear's attack. x2
The black bear claws you.
* * * LOW HITPOINT WARNING * * *
You block the black bear's attack.
It was a potion of resistance.
You feel protected. You block the black bear's attack.
The black bear barely misses you. The black bear claws you.
* * * LOW HITPOINT WARNING * * *
You hit the black bear.
The black bear is almost dead.
You block the black bear's attack. x2; The black bear claws you.
You die...

#.###.......# #.# #.#....####.#
#.###### #.#....#.##.###########
#.......
#.#....'.##...........###########
#.#....#.##......................
#.#...................#####..<...
#......#.###.......)..# #......
###....#.# #.....)....# #......
#....#.# #....@.....# #......
#....#.# #.....h....#####......
#....#.# #..............#.#.#..
#....#.# #.>....##....#.#.#.###
#..#.#.# #......#.....#.#.#.#
###..#.#.# #.....##♣....#.#.#.#
.....#.#.# #######.♣......#.#.#
.....#.#.#########♣.......#.#.#
.................#♣_......#.#.#


You could see a black bear (berserk).

Vanquished Creatures
  Grinder (D:3)
  An ogre (D:4)
  A howler monkey (D:4)
  An iguana (D:4)
  A gnoll (D:1)
  6 adders
  2 worms (D:2)
  4 dart slugs
  3 orcs (D:3)
  10 bats
  6 endoplasms
  5 giant cockroaches
  7 goblins
  A hobgoblin (D:3)
  6 kobolds
  A quokka (D:1)
  9 ball pythons
  A frilled lizard (D:3)
  3 rats
69 creatures vanquished.

Notes
Turn   | Place    | Note
-------+----------+-------------------------------------------
     0 | D:1      | innerfire43 the Demonspawn Monk began the quest for the
                  | Orb.
     0 | D:1      | Reached XP level 1. HP: 18/18 MP: 1/1
   103 | D:1      | Gained mutation: Your touch may inflict minor irresistible
                  | damage on your foes. [demonic ancestry]
   103 | D:1      | Reached XP level 2. HP: 23/24 MP: 2/2
   293 | D:1      | Reached XP level 3. HP: 17/29 MP: 3/3
   350 | D:1      | Identified a scroll of acquirement
   350 | D:1      | Acquired the ring "Xiskuguk" {Contam rF- rN+++ Will+ rCorr}
   457 | D:1      | Found Ponycs's Magic Scroll Shop.
   860 | D:2      | Gained mutation: You are partially covered in thin metallic
                  | scales. (AC +2) [demonic ancestry]
   860 | D:2      | Reached XP level 4. HP: 27/37 MP: 4/4
  1675 | D:3      | Acquired the brooch of Shielding {Spirit SH+8}
  1675 | D:3      | Found the brooch of Shielding {Spirit SH+8}
  1831 | D:3      | Reached skill level 4 in Fighting
  1960 | D:3      | Noticed Grinder
  1960 | D:3      | Paralysed by Grinder for 3 turns
  1987 | D:3      | Paralysed by Grinder for 3 turns
  1997 | D:3      | Paralysed by Grinder for 2 turns
  2005 | D:3      | Killed Grinder
  2006 | D:3      | Gained mutation: Your touch may inflict irresistible damage
                  | on your foes. [demonic ancestry]
  2006 | D:3      | Reached XP level 5. HP: 32/43 MP: 5/5
  2006 | D:3      | Reached XP level 6. HP: 37/49 MP: 6/6
  2790 | D:4      | Found an ancient bone altar of Kikubaaqudgha.
  2859 | D:4      | Reached skill level 1 in Shields
  3546 | D:5      | Entered Level 5 of the Dungeon
  3564 | D:4      | Reached skill level 5 in Fighting
  3590 | D:4      | Slain by a black bear

Illustrated notes

Levels and vault maps discovered:
D:1:      roderic_crossed_star, layout_rooms, serial_shops, nicolae_diamond_shop
D:2:      layout_loops_cross
D:3:      layout_basic, uniq_grinder
D:4:      layout_basic, zin_academy, kennysheep_mini
D:5:      layout_basic, kennysheep_mini_moat, grunt_decor_one_mirror,
          kennysheep_generic_room_9

Skill      XL: |  1  2  3  4  5  6 |
---------------+-------------------+-----
Dodging        | 3 4 |  4.5
Short Blades   | 3 4 |  4.5
Fighting       | 4 5 |  5.0
Shields        | 1 |  1.6

Action                     |  1- 3 |  4- 6 || total
---------------------------+-------+-------++-------
  Melee: Short sword       |   118 |   323 ||   441
    Use: Scroll            |     1 |     1 ||     2
         Potion            |     1 |     4 ||     5
 Armour: Robe              |    30 |    68 ||    98
  Dodge: Dodged            |    91 |   116 ||   207
  Block: Tower shield      |       |   305 ||   305
         Orb               |       |     1 ||     1

Table legend: (Time is in decaauts)
 A = Elapsed time spent in this place.
 B = Non-inter-level travel time spent in this place.
 C = Inter-level travel time spent in this place.
 D = Time resting spent in this place.
 E = Time spent auto-exploring this place.
 F = Levels seen in this place.
 G = Mean time per level.
                   A        B        C        D        E       F      G
               +--------+--------+--------+--------+--------+-----+--------+
         Total |   3623 |   3398 |    225 |      0 |   2543 |   5 |  724.6 |
       Dungeon |   3623 |   3398 |    225 |      0 |   2543 |   5 |  724.6 |
               +--------+--------+--------+--------+--------+-----+--------+

Top non-repeatable levels by time:
     D:4: 1272 daAuts
     D:2: 944 daAuts
     D:3: 740 daAuts
     D:1: 654 daAuts
     D:5: 10 daAuts
